 Dungeon Crawl Stone Soup version 0.18.1-48-g4cf74bf (webtiles) character file.

29056 Peloso the Blocker (level 13, -12/106 HPs)
             Began as a Minotaur Fighter on July 3, 2016.
             Was a High Priest of Okawaru.
             Mangled by dricus's ghost (18 damage)
             ... on level 15 of the Dungeon.
             The game lasted 00:44:05 (14655 turns).

Peloso the Blocker (Minotaur Fighter)              Turns: 14655, Time: 00:44:06

Health: -12/106    AC: 21    Str: 33    XL:     13   Next: 13%
Magic:  0/13       EV: 14    Int: 13    God:    Okawaru [*****.]
Gold:   856        SH:  0    Dex: 12    Spells: 0 memorised, 12 levels left

rFire  + . .     SeeInvis .     c - +7 great sword of Mepnosol {flame, Int+8}
rCold  . . .     Gourm    .     I - +0 plate armour
rNeg   . . .     Faith    .     (shield currently unavailable)
rPois  .         Spirit   .     (helmet restricted)
rElec  .         Dismiss  .     u - +0 cloak
rCorr  .         Reflect  .     s - +1 pair of gloves
SustAt .         Harm     .     R - +0 pair of boots {Fly}
MR     +....                    y - amulet of Nisem {+Rage MR+ Str+4}
Stlth  ..........               U - ring of protection from fire
                                h - +3 ring of evasion

@: mighty, flying, somewhat resistant to hostile enchantments, extremely
unstealthy
A: retaliatory headbutt, horns 2, camouflage 1, frail 1
a: Heroism, Finesse, Renounce Religion, Evoke Berserk Rage, Stop Flying


You were on level 15 of the Dungeon.
You worshipped Okawaru.
Okawaru was extremely pleased with you.
You were hungry.

You visited 2 branches of the dungeon, and saw 16 of its levels.

You collected 928 gold pieces.
You spent 72 gold pieces at shops.

Inventory:

Hand Weapons
 a - a +0 long sword
 c - the +7 great sword of Mepnosol (weapon) {flame, Int+8}
   (You found it on level 15 of the Dungeon)

   It has been specially enchanted to burn those struck by it, causing extra
   injury to most foes and up to half again as much damage against particularly
   susceptible opponents.
   Big, fiery blades are also staple armaments of hydra-hunters.
   It affects your intelligence (+8).
 z - a +2 double sword of venom
 T - a +2 long sword of electrocution
 V - the +7 flail "Aviuthov" {antimagic, Int+4 SInv}
   (You found it on level 12 of the Dungeon)

   It disrupts the flow of magical energy around spellcasters and certain
   magical creatures (including the wielder).
   It affects your intelligence (+4).
   It lets you see invisible.
 Z - the +3 long sword "Concordance" {slice, Str+3}
   (You found it on level 13 of the Dungeon)

   It inflicts extra damage upon your enemies.
   It affects your strength (+3).
Armour
 s - a +1 pair of gloves (worn)
 u - a +0 cloak (worn)
 w - a +2 chain mail of cold resistance
 I - a +0 plate armour (worn)
 K - a +0 buckler of poison resistance
 R - a +0 pair of boots of flying (worn)
 W - a fire dragon hide
Rods
 F - a +0 rod of shadows (11/11)
   (You found it on level 13 of the Dungeon)
Jewellery
 h - a +3 ring of evasion (left hand)
 i - an uncursed ring of wizardry
 n - a +3 ring of evasion
 y - the amulet of Nisem (around neck) {+Rage MR+ Str+4}
   (You found it on level 4 of the Dungeon)

   [amulet of rage]

   It affects your strength (+4).
   It affects your resistance to hostile enchantments.
   It lets you go berserk.
 H - an uncursed ring of sustain attributes
 U - a ring of protection from fire (right hand)
 X - an uncursed ring of ice
Wands
 b - a wand of polymorph (11/24)
 C - a wand of iceblast (15/15)
 J - a wand of lightning (10/15)
 P - a wand of iceblast (5/15)
Scrolls
 j - a scroll of enchant armour
 l - 4 scrolls of magic mapping
 p - 6 scrolls of remove curse
 t - a scroll of amnesia
 x - a scroll of recharging
 Q - 2 scrolls of identify
Potions
 d - a potion of might
 e - a potion of flight
 k - a potion of agility
 m - 2 potions of magic
 o - 2 potions of cancellation
 v - 3 potions of invisibility
 A - 2 potions of curing
 D - 5 potions of brilliance
 E - 3 potions of berserk rage
 L - a potion of haste
Books
 M - Vehumet's Compendium of Battle Magic
   (You found it on level 7 of the Dungeon)

   Spells                             Type                      Level
   a - Magic Dart                     Conjuration                  1
Comestibles
 f - 8 bread rations
 g - a slice of pizza
 q - 10 meat rations
 r - 5 beef jerkies
 B - 15 fruits


   Skills:
 + Level 12.3 Fighting
 + Level 13.2 Long Blades
 + Level 12.8 Armour
 + Level 6.5 Dodging
 + Level 1.4 Stealth
 + Level 13.5 Shields
 + Level 1.9 Invocations


You had 12 spell levels left.
You didn't know any spells.

Dungeon Overview and Level Annotations

Branches:
Dungeon (14/15)            Temple (1/1) D:5            Lair (0/8) D:11
    Orc (0/2) D:9          Vaults (0/5) D:13

Altars:
Ashenzari
Dithmenos
Elyvilon
Fedhas
Gozag
Kikubaaqudgha
Makhleb
Nemelex Xobeh
Okawaru
Pakellas
Qazlal
Ru
Sif Muna
Trog
Vehumet
Xom
Yredelemnul
Zin

Shops:
D:4 *   D:11 =

Annotations:
D:12 1 runed door
D:15 dricus's ghost, journeyman MiBe


Innate Abilities, Weirdness & Mutations

You reflexively headbutt those who attack you in melee.
You have a pair of horns on your head.
Your skin changes colour to match your surroundings (Stealth).
You are frail (-10% HP).


Message History

Dricus's ghost hits you but does no damage.
You hit dricus's ghost. You burn dricus's ghost.
Your headbutt misses dricus's ghost.
Dricus's ghost is moderately damaged.
The ogre mage gestures wildly while chanting.
The ogre mage blinks!
Unknown command.
You slice dricus's ghost!! You burn dricus's ghost.
Dricus's ghost is heavily damaged.
Dricus's ghost hits you but does no damage.
Drink which item? (? for menu, Esc to quit)
Okay, then.
You hit dricus's ghost. You burn dricus's ghost. You headbutt dricus's ghost.
Dricus's ghost is heavily damaged.
Dricus's ghost hits you.
* * * LOW HITPOINT WARNING * * *
You closely miss dricus's ghost. Your headbutt misses dricus's ghost.
Dricus's ghost is heavily damaged.
Dricus's ghost hits you!!
You die...

### #.# #@# #W#
######
#O######......
#sO...........
###OO...........
O..cO............
c.#####...........
#...........
#....#####'#


You could see a wolf spider, 2 two-headed ogres, 3 ogres, a centaur and dricus's
ghost.

Vanquished Creatures
  A fire giant (D:15)
  5 vault guards (D:13)
  3 tengu warriors
  An unseen horror (D:11)
  A deep elf mage (D:13)
  4 hill giants
  3 griffons (D:15)
  2 manticores (D:13)
  5 ugly things
  A wizard (D:13)
  A cyclops (D:10)
  2 kobold demonologists (D:12)
  4 gargoyles
  The ghost of Doomgape the Slasher, a novice TeBe of Trog (D:4)
  5 trolls
  2 two-headed ogres
  Sigmund (D:4)
  A shadow (D:13)
  A wraith (D:10)
  A human (D:13)
  9 yaks
  Eustachio (D:6)
  4 vampire mosquitoes (D:15)
  4 hungry ghosts
  4 hippogriffs
  6 swamp worms (D:13)
  A soldier ant (D:13)
  A water moccasin (D:8)
  4 ice beasts
  8 sky beasts
  8 orc warriors
  A phantom (D:4)
  2 black bears
  3 wasps
  4 ogres
  5 centaurs
  3 crocodiles
  A big kobold (D:8)
  5 giant frogs
  A wyvern zombie (D:11)
  2 wyvern skeletons
  A scorpion (D:11)
  7 killer bees
  5 wights (D:11)
  4 howler monkeys (D:9)
  7 crimson imps
  3 centaur zombies
  4 orc priests
  A giant frog zombie (D:11)
  6 jellies
  2 giant frog skeletons
  A gnoll shaman (D:5)
  3 hounds
  3 centaur skeletons
  4 iguanas
  11 orc wizards
  9 worker ants
  A hound zombie (D:5)
  A hound skeleton (D:4)
  A worker ant zombie (D:9)
  3 gnolls (D:5)
  14 adders
  3 shadow imps
  4 oozes
  3 adder zombies
  2 adder skeletons
  14 worms
  6 dart slugs
  7 giant geckos
  43 orcs
  6 giant cockroaches
  4 goblins
  4 hobgoblins
  10 jackals
  9 kobolds
  6 quokkas
  5 bats
  A giant gecko skeleton (D:4)
  10 giant newts
  2 jackal skeletons
  3 rats
  2 plants (D:13)
357 creatures vanquished.

Vanquished Creatures (others)
  A wizard (D:13)
  A giant cockroach (D:7)
  2 plants (D:13)
4 creatures vanquished.

Grand Total: 361 creatures vanquished

Notes
Turn   | Place    | Note
--------------------------------------------------------------
     0 | D:1      | Peloso the Minotaur Fighter began the quest for the Orb.
     0 | D:1      | Reached XP level 1. HP: 19/19 MP: 0/0
    43 | D:1      | Reached XP level 2. HP: 26/27 MP: 1/1
   263 | D:1      | Reached XP level 3. HP: 30/33 MP: 2/2
   733 | D:2      | Found a bloodstained altar of Trog.
   780 | D:2      | Found a burning altar of Makhleb.
   869 | D:2      | Reached XP level 4. HP: 41/41 MP: 3/3
   943 | D:2      | Reached skill level 1 in Dodging
  1135 | D:2      | Found a shimmering altar of Xom.
  1640 | D:4      | Reached XP level 5. HP: 28/47 MP: 4/4
  1644 | D:4      | Got a shimmering garnet amulet
  1645 | D:4      | Identified the amulet of Nisem {+Rage MR+ Str+4} (You found it on level 4 of the Dungeon)
  2032 | D:4      | Noticed Doomgape's ghost (novice TeBe)
  2057 | D:4      | Noticed a phantom
  2061 | D:4      | Killed Doomgape's ghost
  2061 | D:4      | Reached skill level 5 in Fighting
  2061 | D:4      | Reached skill level 5 in Armour
  2061 | D:4      | Reached skill level 5 in Shields
  2061 | D:4      | Reached XP level 6. HP: 42/56 MP: 5/5
  2089 | D:4      | Reached XP level 7. HP: 28/61 MP: 6/6
  2096 | D:4      | Found Ystrugar's Assorted Antiques.
  2144 | D:4      | Noticed Sigmund
  2184 | D:4      | Killed Sigmund
  2195 | D:4      | HP: 4/91 [poisoned by Sigmund]
  2200 | D:4      | HP: 1/61 [poisoned by Sigmund]
  2204 | D:4      | Gained mutation: Your skin changes colour to match your surroundings (Stealth). [potion of mutation]
  2204 | D:4      | Gained mutation: You are frail (-10% HP). [potion of mutation]
  2730 | D:4      | Bought a golden potion for 24 gold pieces
  2730 | D:4      | Bought 2 white potions for 48 gold pieces
  2760 | D:5      | Entered Level 5 of the Dungeon
  3084 | D:5      | Found a staircase to the Ecumenical Temple.
  3095 | Temple   | Entered the Ecumenical Temple
  3135 | Temple   | Became a worshipper of Warmaster Okawaru
  3447 | D:5      | Reached XP level 8. HP: 63/63 MP: 7/7
  3458 | D:5      | Reached skill level 5 in Long Blades
  3722 | D:6      | Noticed Eustachio
  3748 | D:6      | Reached skill level 5 in Dodging
  4103 | D:6      | Killed Eustachio
  4103 | D:6      | Reached * piety under Okawaru
  4395 | D:6      | Reached skill level 1 in Stealth
  4681 | D:6      | Found a shimmering altar of Xom.
  4681 | D:6      | Found a shimmering altar of Xom.
  4829 | D:6      | Reached XP level 9. HP: 70/71 MP: 8/8
  5236 | D:7      | Reached ** piety under Okawaru
  5437 | D:7      | Found an ancient bone altar of Kikubaaqudgha.
  5438 | D:7      | Found a deep blue altar of Sif Muna.
  5440 | D:7      | Found a radiant altar of Vehumet.
  5444 | D:7      | Identified Vehumet's Compendium of Battle Magic
  5845 | D:8      | Found a glowing silver altar of Zin.
  5944 | D:7      | Noticed an eight-headed hydra
  5945 | D:7      | Noticed a wolf spider
  5945 | D:7      | Noticed a freezing wraith
  5945 | D:7      | Noticed a gargoyle
  6305 | D:8      | Found a sacrificial altar of Ru.
  6456 | D:8      | Found a sparkling altar of Nemelex Xobeh.
  6458 | D:8      | Found an oddly glowing altar of Pakellas.
  6458 | D:8      | Found a stormy altar of Qazlal.
  6459 | D:8      | Found a basalt altar of Yredelemnul.
  6460 | D:8      | Found a blossoming altar of Fedhas.
  6671 | D:9      | Reached *** piety under Okawaru
  6861 | D:9      | Reached XP level 10. HP: 79/79 MP: 9/9
  7042 | D:9      | Found a shadowy altar of Dithmenos.
  7200 | D:9      | Reached **** piety under Okawaru
  7877 | D:9      | Found a staircase to the Orcish Mines.
  8069 | D:10     | Entered Level 10 of the Dungeon
  8084 | D:10     | Reached skill level 10 in Shields
  8147 | D:10     | Reached ***** piety under Okawaru
  8338 | D:10     | Noticed a cyclops
  8349 | D:10     | Killed a cyclops
  8349 | D:10     | Reached skill level 10 in Long Blades
  8745 | D:10     | Noticed a hill giant
  8758 | D:10     | Killed a hill giant
  8948 | D:10     | Noticed a hill giant
  8957 | D:10     | Killed a hill giant
  8964 | D:10     | Reached XP level 11. HP: 15/87 MP: 10/10
  9328 | D:10     | Received a gift from Okawaru
  9423 | D:10     | Noticed a hill giant
  9433 | D:10     | Killed a hill giant
  9433 | D:10     | Reached skill level 10 in Armour
  9433 | D:10     | Reached skill level 1 in Invocations
 10055 | D:11     | Found Eroyriph's Jewellery Shop.
 10083 | D:11     | Killed an unseen horror
 10319 | D:11     | Noticed a tengu warrior
 10327 | D:11     | Killed a tengu warrior
 10440 | D:11     | Noticed a red ugly thing
 10451 | D:11     | Killed a red ugly thing
 10451 | D:11     | Reached skill level 10 in Fighting
 10545 | D:11     | Found a staircase to the Lair.
 11128 | D:12     | Got a steaming flail
 11129 | D:12     | Identified the +7 flail "Aviuthov" {antimagic, Int+4 SInv} (You found it on level 12 of the Dungeon)
 11410 | D:12     | Found a glowing silver altar of Zin.
 11410 | D:12     | Found a runed door.
 11410 | D:12     | Noticed an angel
 11935 | D:13     | Noticed a deep elf mage
 11942 | D:13     | Killed a deep elf mage
 11948 | D:13     | Noticed a hill giant
 11949 | D:13     | Got an encrusted long sword
 11958 | D:13     | Killed a hill giant
 11962 | D:13     | Identified the +3 long sword "Concordance" {slice, Str+3} (You found it on level 13 of the Dungeon)
 12013 | D:13     | Received a gift from Okawaru
 12035 | D:13     | Noticed a vault guard
 12051 | D:13     | Killed a vault guard
 12051 | D:13     | Reached XP level 12. HP: 94/97 MP: 12/12
 12071 | D:13     | Noticed a vault guard
 12088 | D:13     | Killed a vault guard
 12164 | D:13     | Noticed a vault guard
 12165 | D:13     | Noticed a vault guard
 12340 | D:13     | Killed a vault guard
 12351 | D:13     | Killed a vault guard
 12352 | D:13     | Found a gate to the Vaults.
 12367 | D:13     | Noticed a vault guard
 12378 | D:13     | Killed a vault guard
 12824 | D:13     | Noticed a tengu warrior
 12841 | D:13     | Killed a tengu warrior
 12876 | D:13     | Noticed a tengu warrior
 12890 | D:13     | Killed a tengu warrior
 13147 | D:13     | HP: 1/100 [swamp worm (15)]
 13856 | D:14     | You are sucked into a shaft!
 13856 | D:15     | Entered Level 15 of the Dungeon
 13860 | D:15     | Got a crystal great sword
 14112 | D:15     | Identified the +7 great sword of Mepnosol {flame, Int+8} (You found it on level 15 of the Dungeon)
 14163 | D:15     | Noticed a fire giant
 14164 | D:15     | Received a gift from Okawaru
 14164 | D:15     | Reached XP level 13. HP: 99/106 MP: 10/13
 14182 | D:15     | Killed a fire giant
 14614 | D:15     | Noticed dricus's ghost (journeyman MiBe)
 14655 | D:15     | Mangled by dricus's ghost

Skill      XL: |  1  2  3  4  5  6  7  8  9 10 11 12 |
---------------+-------------------------------------+-----
Fighting       | 4 5 7 9 10 12 | 12.3
Shields        | 4 5 6 7 9 10 12 13 | 13.5
Armour         | 4 5 6 7 8 9 11 12 | 12.8
Long Blades    | 3 4 6 8 10 11 13 | 13.2
Dodging        | 1 3 4 5 6 |  6.5
Stealth        | 1 |  1.4
Invocations    | 1 |  1.9

Action                   |  1- 3 |  4- 6 |  7- 9 | 10-12 | 13-15 || total
-------------------------+-------+-------+-------+-------+-------++-------
Melee: Long sword        |    68 |   103 |   428 |   471 |       ||  1070
       Headbutt          |     8 |    20 |   102 |   192 |     7 ||   329
       Double sword      |       |       |       |   189 |       ||   189
       Scimitar          |       |       |       |     7 |       ||     7
       Great sword       |       |       |       |    11 |    30 ||    41
Invok: Heroism           |       |       |       |    12 |       ||    12
  Use: Potion            |       |     1 |     6 |     2 |     1 ||    10
       Scroll            |       |       |    11 |    13 |       ||    24
 Stab: Distracted        |       |       |       |       |     1 ||     1
  Eat: Chunk             |       |     1 |    18 |    25 |     2 ||    46
       Fruit             |       |     2 |     2 |     3 |       ||     7
Armor: Scale mail        |    25 |    41 |       |       |       ||    66
       Chain mail        |       |       |    60 |       |       ||    60
       Skin              |       |       |    14 |       |       ||    14
       Plate armour      |       |       |    76 |   246 |    16 ||   338
Dodge: Dodged            |    41 |    63 |   176 |   242 |    22 ||   544
Block: Shield            |    35 |    61 |   260 |   293 |       ||   649
       Buckler           |       |       |       |    31 |       ||    31
